TOP OF THE 1ST |
Miami Beach Marlins batting - Pitching for Americus Braves : RHP Ioakim Mozgo
|
Pitching: RHP Ioakim Mozgo
|
|
Batting: LHB Jose Bregaro
|
0-0: Fly out, F8 (Flyball, 8RD, EV 100.6 MPH)
|
Batting: LHB Eric Bailey
|
0-0: Ball 1-0: Called Strike 1-1: Ball 2-1: SOLO HOME RUN (Flyball, 9D, EV 99.4 MPH), Distance : 401 ft
|
Batting: RHB Dale Young
|
0-0: Swinging Strike 0-1: Ball 1-1: Swinging Strike 1-2: Foul Ball, location: 2F 1-2: Foul Ball, location: 2F 1-2: Ball 2-2: Foul Ball, location: 2F 2-2: Foul Ball, location: 2F 2-2: Ball 3-2: Fly out, F7 (Flyball, 7LM, EV 103.8 MPH)
|
Batting: RHB Tony Stedman
|
0-0: Ball 1-0: Called Strike 1-1: SINGLE (Groundball, 4S, EV 75.6 MPH) (infield hit)
|
Batting: RHB Willie Chavez
|
0-0: Called Strike Tony Stedman is caught stealing 2nd base 2-4
|
Top of the 1st over - 1 run, 2 hits, 0 errors, 0 left on base; Miami Beach 1 - Americus 0 |
BOTTOM OF THE 1ST |
Americus Braves batting - Pitching for Miami Beach Marlins : RHP Pharamond Lestrange
|
Pitching: RHP Pharamond Lestrange
|
|
Batting: SHB Jose Melendez
|
0-0: Ball 1-0: Foul Ball, location: 2F 1-1: SINGLE (Line Drive, 89M, EV 96.9 MPH)
|
Batting: RHB Joe Young
|
0-0: Foul Ball, location: 2F 0-1: Ball 1-1: Swinging Strike 1-2: Strikes out swinging
|
Batting: RHB Yojiro Hayashi
|
0-0: Ball Jose Melendez is caught stealing 2nd base 2-4 1-0: SINGLE (Groundball, 4M, EV 83.8 MPH) (infield hit)
|
Batting: LHB Ryan Murdock
|
0-0: Called Strike 0-1: Ball 1-1: Ball 2-1: Foul Ball, location: 2F 2-2: Foul Ball, location: 2F 2-2: Strikes out swinging
|
Bottom of the 1st over - 0 runs, 2 hits, 0 errors, 1 left on base; Miami Beach 1 - Americus 0 |
TOP OF THE 2ND |
Miami Beach Marlins batting - Pitching for Americus Braves : RHP Ioakim Mozgo
|
Batting: RHB Willie Chavez
|
0-0: Ball 1-0: Ball 2-0: Called Strike 2-1: Called Strike 2-2: Foul Ball, location: 2F 2-2: Ball 3-2: Strikes out looking
|
Batting: RHB Erik Coleman
|
0-0: Ball 1-0: SINGLE (Line Drive, 78S, EV 106.9 MPH)
|
Batting: RHB J.D. Vander Klok
|
0-0: Ball 1-0: Ball 2-0: Ball 3-0: Foul Ball, location: 2F 3-1: Called Strike 3-2: SINGLE (Groundball, 56D, EV 101.9 MPH) Erik Coleman to second
|
Batting: RHB Andy Kelly
|
0-0: Called Strike 0-1: DOUBLE (Line Drive, 7LM, EV 103.8 MPH) Erik Coleman scores J.D. Vander Klok to third Runner from 3rd tries for Home, throw by LF and OUT! 7-6-2 Andy Kelly to third
|
Batting: LHB Matt McKeon
|
0-0: Ball 1-0: Called Strike 1-1: Ball 2-1: Foul Ball, location: 2F 2-2: Ball 3-2: Base on Balls
|
Batting: LHB Jose Bregaro
|
0-0: Ball 1-0: Swinging Strike 1-1: Swinging Strike 1-2: Foul Ball, location: 2F 1-2: Ball 2-2: Foul Ball, location: 2F 2-2: Ball 3-2: Base on Balls Matt McKeon to second
|
Batting: LHB Eric Bailey
|
0-0: Foul Ball, location: 2F 0-1: Foul Ball, location: 2F 0-2: Ball 1-2: Foul Ball, location: 2F 1-2: Foul Ball, location: 2F 1-2: Foul Ball, location: 2F 1-2: Ball 2-2: Foul Ball, location: 2F 2-2: Ball 3-2: SINGLE (Groundball, 25, EV 68.8 MPH) (infield hit) Andy Kelly scores Matt McKeon to third Jose Bregaro to second
|
Batting: RHB Dale Young
|
0-0: Ball 1-0: Fly out, F8 (Line Drive, 8RM, EV 90.0 MPH)
|
Top of the 2nd over - 2 runs, 4 hits, 0 errors, 3 left on base; Miami Beach 3 - Americus 0 |
BOTTOM OF THE 2ND |
Americus Braves batting - Pitching for Miami Beach Marlins : RHP Pharamond Lestrange
|
Batting: LHB Andres Aldape
|
0-0: Ball 1-0: Called Strike 1-1: Ball 2-1: Swinging Strike 2-2: Strikes out swinging
|
Batting: RHB Terry Hughes
|
0-0: Swinging Strike 0-1: Called Strike 0-2: Strikes out swinging
|
Batting: LHB Tamaichi Sasada
|
0-0: Called Strike 0-1: Called Strike 0-2: Strikes out looking
|
Bottom of the 2nd over - 0 runs, 0 hits, 0 errors, 0 left on base; Miami Beach 3 - Americus 0 |
TOP OF THE 3RD |
Miami Beach Marlins batting - Pitching for Americus Braves : RHP Ioakim Mozgo
|
Batting: RHB Tony Stedman
|
0-0: Called Strike 0-1: Ball 1-1: Ground out 6-3 (Groundball, 56, EV 85.0 MPH)
|
Batting: RHB Willie Chavez
|
0-0: Called Strike 0-1: SOLO HOME RUN (Flyball, 89XD, EV 105.0 MPH), Distance : 417 ft
|
Batting: RHB Erik Coleman
|
0-0: Ball 1-0: Ball 2-0: Fly out, F4 (Popup, 4, EV 57.5 MPH)
|
Batting: RHB J.D. Vander Klok
|
0-0: Ball 1-0: Foul Ball, location: 2F 1-1: Swinging Strike 1-2: Ball 2-2: Ball 3-2: Strikes out swinging
|
Top of the 3rd over - 1 run, 1 hit, 0 errors, 0 left on base; Miami Beach 4 - Americus 0 |
BOTTOM OF THE 3RD |
Americus Braves batting - Pitching for Miami Beach Marlins : RHP Pharamond Lestrange
|
Batting: RHB Gerard Michel
|
0-0: Swinging Strike 0-1: Foul Ball, location: 2F 0-2: Ball 1-2: Ball 2-2: Foul Ball, location: 2F 2-2: Strikes out looking
|
Batting: RHB George Provance
|
0-0: Ball 1-0: Swinging Strike 1-1: Ground out 6-3 (Groundball, 6, EV 81.9 MPH)
|
Batting: SHB Jose Melendez
|
0-0: Fly out, F8 (Flyball, 8RM, EV 86.3 MPH)
|
Bottom of the 3rd over - 0 runs, 0 hits, 0 errors, 0 left on base; Miami Beach 4 - Americus 0 |
TOP OF THE 4TH |
Miami Beach Marlins batting - Pitching for Americus Braves : RHP Ioakim Mozgo
|
Batting: RHB Andy Kelly
|
0-0: Called Strike 0-1: Ground out 5-3 (Groundball, 56S, EV 69.4 MPH)
|
Batting: LHB Matt McKeon
|
0-0: Called Strike 0-1: Ball 1-1: Called Strike 1-2: Foul Ball, location: 2F 1-2: Ball 2-2: DOUBLE (Line Drive, 3D, EV 96.9 MPH)
|
Batting: LHB Jose Bregaro
|
0-0: Ball 1-0: Ball 2-0: Ball 3-0: Base on Balls
|
Batting: LHB Eric Bailey
|
0-0: Ball 1-0: Called Strike 1-1: Foul Ball, location: 2F 1-2: Ball 2-2: Ball 3-2: SINGLE (Line Drive, 56D, EV 96.9 MPH) Matt McKeon to third Jose Bregaro to second Runner from 3rd tries for Home, SAFE, throw by LF to home
|
Now at 2B: Mark Dearth
|
|
Now in LF: George Provance
|
|
Batting: RHB Dale Young
|
0-0: Ball Jose Bregaro steals 3rd base 1-0: Called Strike 1-1: Ball 2-1: Ball 3-1: Called Strike 3-2: Base on Balls Eric Bailey to second
|
Batting: RHB Tony Stedman
|
0-0: Ball 1-0: Called Strike 1-1: Ball 2-1: Ball 3-1: Base on Balls Jose Bregaro scores Eric Bailey to third Dale Young to second
|
Pitching: RHP Carlos Dominguez
|
|
Batting: RHB Willie Chavez
|
0-0: Called Strike 0-1: Fly out, F8 (Flyball, 8LS, EV 93.8 MPH)
|
Batting: RHB Erik Coleman
|
0-0: Ball 1-0: Fly out, F9 (Flyball, 9LM, EV 79.4 MPH)
|
Top of the 4th over - 2 runs, 2 hits, 0 errors, 3 left on base; Miami Beach 6 - Americus 0 |
BOTTOM OF THE 4TH |
Americus Braves batting - Pitching for Miami Beach Marlins : RHP Pharamond Lestrange
|
Batting: RHB Joe Young
|
0-0: Fly out, F7 (Flyball, 78S, EV 84.4 MPH)
|
Batting: RHB Yojiro Hayashi
|
0-0: Ball 1-0: Foul Ball, location: 2F 1-1: Swinging Strike 1-2: Ball 2-2: Ball 3-2: Strikes out looking
|
Batting: LHB Mark Dearth
|
0-0: Ball 1-0: Ball 2-0: SINGLE (Popup, 34D, EV 72.5 MPH)
|
Batting: LHB Andres Aldape
|
0-0: Ball 1-0: Ball 2-0: Ball 3-0: Base on Balls Mark Dearth to second
|
Batting: RHB Terry Hughes
|
0-0: Ball 1-0: Ground out 5-3 (Groundball, 5S, EV 73.8 MPH)
|
Bottom of the 4th over - 0 runs, 1 hit, 0 errors, 2 left on base; Miami Beach 6 - Americus 0 |
TOP OF THE 5TH |
Miami Beach Marlins batting - Pitching for Americus Braves : RHP Carlos Dominguez
|
Batting: RHB J.D. Vander Klok
|
0-0: Called Strike 0-1: Ball 1-1: Ball 2-1: Foul Ball, location: 2F 2-2: Foul Ball, location: 2F 2-2: Strikes out swinging
|
Batting: RHB Andy Kelly
|
0-0: Foul Ball, location: 2F 0-1: Foul Ball, location: 2F 0-2: Strikes out swinging
|
Batting: LHB Matt McKeon
|
0-0: Called Strike 0-1: Fly out, F6 (Flyball, 6D, EV 86.9 MPH)
|
Top of the 5th over - 0 runs, 0 hits, 0 errors, 0 left on base; Miami Beach 6 - Americus 0 |
BOTTOM OF THE 5TH |
Americus Braves batting - Pitching for Miami Beach Marlins : RHP Pharamond Lestrange
|
Batting: LHB Tamaichi Sasada
|
0-0: Called Strike 0-1: Called Strike 0-2: Foul Ball, location: 2F 0-2: Strikes out swinging, 2-3 out at first.
|
Batting: RHB Gerard Michel
|
0-0: Foul Ball, location: 2F 0-1: Swinging Strike 0-2: Strikes out looking
|
Batting: RHB George Provance
|
0-0: Called Strike 0-1: Foul Ball, location: 2F 0-2: Strikes out swinging
|
Bottom of the 5th over - 0 runs, 0 hits, 0 errors, 0 left on base; Miami Beach 6 - Americus 0 |
TOP OF THE 6TH |
Miami Beach Marlins batting - Pitching for Americus Braves : RHP Carlos Dominguez
|
Batting: LHB Jose Bregaro
|
0-0: Fly out, F8 (Flyball, 8RD, EV 98.8 MPH)
|
Batting: LHB Eric Bailey
|
0-0: Called Strike 0-1: Ball 1-1: Ball 2-1: Foul Ball, location: 2F 2-2: Foul Ball, location: 2F 2-2: Ball 3-2: Strikes out swinging
|
Batting: RHB Dale Young
|
0-0: Called Strike 0-1: Swinging Strike 0-2: Ball 1-2: Ball 2-2: Strikes out swinging
|
Top of the 6th over - 0 runs, 0 hits, 0 errors, 0 left on base; Miami Beach 6 - Americus 0 |
BOTTOM OF THE 6TH |
Americus Braves batting - Pitching for Miami Beach Marlins : RHP Pharamond Lestrange
|
Batting: SHB Jose Melendez
|
0-0: Called Strike 0-1: Ball 1-1: Foul Ball, location: 2F 1-2: Foul Ball, location: 2F 1-2: Strikes out swinging
|
Batting: RHB Joe Young
|
0-0: Called Strike 0-1: Ball 1-1: Called Strike 1-2: Strikes out swinging, 2-3 out at first.
|
Batting: RHB Yojiro Hayashi
|
0-0: Ground out 5-3 (Groundball, 56S, EV 79.4 MPH)
|
Bottom of the 6th over - 0 runs, 0 hits, 0 errors, 0 left on base; Miami Beach 6 - Americus 0 |
TOP OF THE 7TH |
Miami Beach Marlins batting - Pitching for Americus Braves : RHP Carlos Dominguez
|
Pitching: RHP Greg Hart
|
|
Batting: RHB Tony Stedman
|
0-0: Swinging Strike 0-1: Ball 1-1: Ground out 5-3 (Groundball, 56, EV 98.8 MPH)
|
Batting: RHB Willie Chavez
|
0-0: Ball 1-0: Reached via error on a dropped throw from 3B, E3 (Groundball, 56S, EV 83.8 MPH)
|
Batting: RHB Erik Coleman
|
0-0: Grounds into double play, 5-4-3 (Groundball, 5, EV 106.9 MPH)
|
Top of the 7th over - 0 runs, 0 hits, 1 error, 0 left on base; Miami Beach 6 - Americus 0 |
BOTTOM OF THE 7TH |
Americus Braves batting - Pitching for Miami Beach Marlins : RHP Pharamond Lestrange
|
Batting: LHB Mark Dearth
|
0-0: Ball 1-0: Swinging Strike 1-1: Ball 2-1: Foul Ball, location: 2F 2-2: Ball 3-2: Foul Ball, location: 2F 3-2: Base on Balls
|
Batting: LHB Andres Aldape
|
0-0: Foul Ball, location: 2F 0-1: Ball 1-1: Ball 2-1: Grounds into double play, 6-4-3 (Groundball, 6S, EV 85.6 MPH)
|
Batting: RHB Terry Hughes
|
0-0: Ball 1-0: Called Strike 1-1: Ball 2-1: Foul Ball, location: 2F 2-2: Foul Ball, location: 2F 2-2: Strikes out swinging
|
Bottom of the 7th over - 0 runs, 0 hits, 0 errors, 0 left on base; Miami Beach 6 - Americus 0 |
TOP OF THE 8TH |
Miami Beach Marlins batting - Pitching for Americus Braves : RHP Greg Hart
|
Batting: RHB J.D. Vander Klok
|
0-0: Swinging Strike 0-1: Called Strike 0-2: Strikes out swinging
|
Batting: RHB Andy Kelly
|
0-0: Called Strike 0-1: Ball 1-1: Ball 2-1: Swinging Strike 2-2: Ball 3-2: Foul Ball, location: 2F 3-2: Strikes out swinging
|
Batting: LHB Matt McKeon
|
0-0: Called Strike 0-1: Swinging Strike 0-2: Ball 1-2: Foul Ball, location: 2F 1-2: Strikes out swinging
|
Top of the 8th over - 0 runs, 0 hits, 0 errors, 0 left on base; Miami Beach 6 - Americus 0 |
BOTTOM OF THE 8TH |
Americus Braves batting - Pitching for Miami Beach Marlins : RHP Pharamond Lestrange
|
Batting: LHB Tamaichi Sasada
|
0-0: Called Strike 0-1: Foul Ball, location: 2F 0-2: Foul Ball, location: 2F 0-2: Ball 1-2: Foul Ball, location: 2F 1-2: Ball 2-2: Strikes out swinging
|
Batting: RHB Gerard Michel
|
0-0: Ball 1-0: Called Strike 1-1: Called Strike 1-2: Ground out 5-3 (Groundball, 56S, EV 66.3 MPH)
|
Batting: RHB George Provance
|
0-0: Swinging Strike 0-1: Foul Ball, location: 2F 0-2: Foul Ball, location: 2F 0-2: Strikes out swinging
|
Bottom of the 8th over - 0 runs, 0 hits, 0 errors, 0 left on base; Miami Beach 6 - Americus 0 |
TOP OF THE 9TH |
Miami Beach Marlins batting - Pitching for Americus Braves : RHP Greg Hart
|
Batting: LHB Jose Bregaro
|
0-0: Foul Ball, location: 2F 0-1: Swinging Strike 0-2: Strikes out swinging
|
Batting: LHB Eric Bailey
|
0-0: Ball 1-0: Called Strike 1-1: Foul Ball, location: 2F 1-2: Ball 2-2: SINGLE (Flyball, 5D, EV 95.0 MPH)
|
Pitching: RHP Gareth Cutts
|
|
Batting: RHB Dale Young
|
0-0: Called Strike 0-1: Ball 1-1: Called Strike Eric Bailey is caught stealing 2nd base 2-4 1-2: Ball 2-2: Foul Ball, location: 2F 2-2: Ball 3-2: Ground out 6-3 (Groundball, 6, EV 90.6 MPH)
|
Top of the 9th over - 0 runs, 1 hit, 0 errors, 0 left on base; Miami Beach 6 - Americus 0 |
BOTTOM OF THE 9TH |
Americus Braves batting - Pitching for Miami Beach Marlins : RHP Pharamond Lestrange
|
Batting: SHB Jose Melendez
|
0-0: Ball 1-0: Swinging Strike 1-1: Swinging Strike 1-2: Strikes out swinging
|
Batting: RHB Joe Young
|
0-0: Called Strike 0-1: Single, Error in OF, E8, batter to second base (Line Drive, 89S, EV 105.0 MPH)
|
Pitching: RHP Mike Yorke
|
|
Batting: RHB Yojiro Hayashi
|
0-0: Ball 1-0: Swinging Strike 1-1: Foul Ball, location: 2F 1-2: Ball 2-2: Strikes out swinging
|
Batting: LHB Mark Dearth
|
0-0: Ball 1-0: Ball 2-0: Fly out, F8 (Flyball, 89D, EV 94.4 MPH)
|
Bottom of the 9th over - 0 runs, 1 hit, 1 error, 1 left on base; Miami Beach 6 - Americus 0 |
|